 Dungeon Crawl Stone Soup version 0.24.0-1-gfbc8707122 (webtiles) character file.

Game seed: 9497711239235125715, levelgen mode: deterministic

132 Looknius the Skirmisher (level 4, 0/44 HPs)
             Began as a Minotaur Abyssal Knight on Oct 28, 2019.
             Was a Follower of Lugonu.
             Slain by a rat (3 damage)
             ... on level 2 of the Dungeon.
             The game lasted 00:02:53 (395 turns).

Looknius the Skirmisher (Minotaur Abyssal Knight)    Turns: 395, Time: 00:02:53

Health: 0/44       AC:  1    Str: 16 (17) XL:     4   Next: 92%
Magic:  4/4        EV:  8    Int:  9      God:    Lugonu [*.....]
Gold:   29         SH:  0    Dex:  8      Spells: 3/3 levels left

rFire    . . .     SeeInvis .   a - +1 spear
rCold    . . .     Gourm    .   (no shield)
rNeg     . . .     Faith    .   b - +0 leather armour
rPois    .         Spirit   .   (helmet restricted)
rElec    .         Reflect  .   (no cloak)
rCorr    .         Harm     .   (no gloves)
MR       .....                  (no boots)
Stlth    +.........             (no amulet)
HPRegen  0.14/turn              (no ring)
MPRegen  0.09/turn              (no ring)

@: constricted
A: retaliatory headbutt, horns 2, clumsy 1, deformed body, deterioration 1,
screaming 1, subdued magic 1
a: Depart the Abyss, Renounce Religion


You were on level 2 of the Dungeon.
You worshipped Lugonu.
Lugonu was aware of your devotion.
You were not hungry.

You visited 1 branch of the dungeon, and saw 2 of its levels.
You visited the Abyss 1 time.

You collected 29 gold pieces.

Inventory:

Hand Weapons
 a - a +1 spear (weapon)
Armour
 b - a +0 leather armour (worn)
Comestibles
 c - a ration


   Skills:
 + Level 5.7 Fighting
 + Level 3.3 Polearms
 + Level 3.1 Armour
 + Level 1.2 Dodging
 + Level 2.3 Invocations


You had 3 spell levels left.
You didn't know any spells.
Your spell library was empty.

Dungeon Overview and Level Annotations

Branches:
Dungeon (2/15)

Altars:


Innate Abilities, Weirdness & Mutations

You reflexively headbutt those who attack you in melee.
You have a pair of horns on your head.
You are clumsy. (Dex -2)
Armour fits poorly on your strangely shaped body.
Your body sometimes deteriorates upon taking damage.
You occasionally shout uncontrollably at your foes.
Your spells are a little easier to cast, but a little less powerful.


Message History

The ball python grabs you. The ball python constricts you. The rat bites you.
The ball python bites you.
* * * LOW HITPOINT WARNING * * *
x2 The ball python constricts you.
The rat bites you.
* * * LOW HITPOINT WARNING * * *
The ball python closely misses you.
* * * LOW HITPOINT WARNING * * *
The ball python constricts you.
The ball python bites you but does no damage.
* * * LOW HITPOINT WARNING * * *
The ball python constricts you. The rat bites you.
* * * LOW HITPOINT WARNING * * *
The ball python bites you.
* * * LOW HITPOINT WARNING * * *
x2 The ball python constricts you.
The rat bites you but does no damage. The ball python bites you.
* * * LOW HITPOINT WARNING * * *
The ball python constricts you. The rat bites you.
You die...

#.. #.... ....
#.. #.# # #.
#..####.##..
#.##...........#
#....#@##..#..#
#....rS#......
+.....g.......
.#
#...#..##..#..
....##.#..##..#
..............#
....##........#
. #..#....##
#..#....#


You could see a hobgoblin, a ball python and a rat.

Vanquished Creatures
  A neqoxec (Abyss:1)
  An adder (D:2)
  A bat (D:1)
  A goblin (D:1)
  A ball python (D:1)
  A kobold (D:1)
6 creatures vanquished.

Notes
Turn   | Place    | Note
-------+----------+-------------------------------------------
     0 | Abyss:1  | Looknius the Minotaur Abyssal Knight began the quest for
                  | the Orb.
     0 | Abyss:1  | Reached XP level 1. HP: 19/19 MP: 1/1
    31 | Abyss:1  | Noticed a neqoxec
    32 | Abyss:1  | Gained mutation: Armour fits poorly on your strangely
                  | shaped body. [a neqoxec]
    36 | Abyss:1  | Gained mutation: You occasionally shout uncontrollably at
                  | your foes. [a neqoxec]
    41 | Abyss:1  | Gained mutation: Your spells are a little easier to cast,
                  | but a little less powerful. [a neqoxec]
    45 | Abyss:1  | Gained mutation: Your body sometimes deteriorates upon
                  | taking damage. [a neqoxec]
    46 | Abyss:1  | Gained mutation: You are clumsy. (Dex -2) [a neqoxec]
    55 | Abyss:1  | Killed a neqoxec
    55 | Abyss:1  | Reached skill level 5 in Fighting
    55 | Abyss:1  | Reached XP level 2. HP: 12/29 MP: 2/2
    55 | Abyss:1  | Reached XP level 3. HP: 15/36 MP: 3/3
    55 | Abyss:1  | Reached XP level 4. HP: 18/42 MP: 4/4
    60 | D:1      | Escaped the Abyss
   395 | D:2      | Slain by a rat

Levels and vault maps discovered:
D:1:      dpeg_arrival_boxes_within_box, layout_basic, chequers_jeans
D:2:      layout_basic

Skill      XL: |  1 |
---------------+----+-----
Fighting       | 5 |  5.7
Polearms       | 3 |  3.3
Armour         | 3 |  3.1
Invocations    | 2 |  2.3
Dodging        | |  1.2

Action                   |  1- 3 |  4- 6 || total
-------------------------+-------+-------++-------
Melee: Spear             |    11 |     2 ||    13
       Headbutt          |     2 |       ||     2
Armor: Leather armour    |       |    13 ||    13
Dodge: Dodged            |     4 |    51 ||    55
